 Dungeon Crawl Stone Soup version 0.22.0-38-g04b72b8 (webtiles) character file.

403296 MothsLongingForFire the Slayer (level 23, -6/284 HPs)
             Began as an Ogre Monk on Aug 28, 2018.
             Was the Champion of Qazlal.
             Mangled by a spriggan berserker
             ... wielding a +0 quarterstaff
              (34 damage)
             ... on level 3 of the Depths.
             The game lasted 03:04:09 (85566 turns).

MothsLongingForFire the Slayer (Ogre Monk)         Turns: 85566, Time: 03:04:09

Health: -6/284     AC:  8    Str: 18    XL:     23   Next: 35%
Magic:  24/42      EV: 23    Int: 19    God:    Qazlal [******]
Gold:   4260       SH: 13    Dex: 11    Spells: 32/44 levels left

rFire    + . .     SeeInvis .     - Unarmed
rCold    + + +     Gourm    .   (shield currently unavailable)
rNeg     . . .     Faith    .   C - +1 robe of Vehumet's Reproof {rPois rC+++ Str-5 Dex-5}
rPois    +         Spirit   .   (helmet restricted)
rElec    +         Reflect  +   c - +2 cloak
rCorr    .         Harm     .   (gloves unavailable)
MR       ++++.                  (boots unavailable)
Stlth    +.........             g - +5 amulet of reflection
HPRegen  0.57/turn              U - ring "Jeqo" {rElec MR+ Str+2 Int+6}
MPRegen  0.28/turn              L - +5 ring of evasion

@: blade hands (expiring), protected from fire, very slightly contaminated,
drained, repel missiles
A: large, unfitting armour, rugged brown scales 1, high mp 1, magic resistance
1, screaming 1, tough skin 1
}: 2/15 runes: barnacled, gossamer
a: End Transformation, Upheaval, Elemental Force, Disaster Area, Renounce
Religion


You were on level 3 of the Depths.
You worshipped Qazlal.
Qazlal was exalted by your worship.
You were hungry.
You had blades for hands.
You visited 9 branches of the dungeon, and saw 42 of its levels.
You visited the Abyss 1 time.

You collected 5458 gold pieces.
You spent 1198 gold pieces at shops.


Innate Abilities, Weirdness & Mutations

You are too large for most types of armour.
You have tough skin. (AC +1)
You are partially covered in rugged brown scales. (AC +1, +3% HP)
You have an increased reservoir of magic. (+10% MP)
You are resistant to hostile enchantments. (MR+)
You occasionally shout uncontrollably at your foes.


   Skills:
 + Level 25.4(24.8) Fighting
 - Level 5.0(4.6) Armour
 + Level 17.3(16.8) Dodging
 - Level 1.4(1.0) Stealth
 - Level 20.0(19.4) Unarmed Combat
 - Level 11.4(11.0) Spellcasting
 + Level 11.3(10.8) Transmutations
 - Level 10.0(9.5) Invocations


You had 32 spell levels left.
You knew the following spells:

 Your Spells              Type           Power        Failure   Level  Hunger
a - Blade Hands           Tmut           ######....   22%         5    ####...
o - Dragon Form           Tmut           ######....   89%         7    #######

Your spell library contained the following spells:

 Spells                   Type           Power        Failure   Level  Hunger
 Beastly Appendage        Tmut           ######       7%          1    None
 Sticks to Snakes         Tmut           ######..     8%          2    None
 Passwall                 Tmut/Erth      ####....     16%         2    None
 Spider Form              Tmut/Pois      ####......   22%         3    None
 Animate Skeleton         Necr           N/A          38%         1    None
 Apportation              Tloc           ##....       38%         1    None
 Confusing Touch          Hex            ##....       38%         1    None
 Flame Tongue             Conj/Fire      ##...        38%         1    None
 Magic Dart               Conj           ##..         38%         1    None
 Pain                     Necr           ##..         38%         1    None
 Sandblast                Erth           ##....       38%         1    None
 Shock                    Conj/Air       ##..         38%         1    None
 Sting                    Conj/Pois      ##..         38%         1    None
 Summon Butterflies       Summ           ##......     38%         1    None
 Summon Small Mammal      Summ           ##..         38%         1    None
 Ice Form                 Ice/Tmut       ####....     38%         4    ##.....
 Petrify                  Tmut/Erth      ####....     38%         4    ##.....
 Call Imp                 Summ           ##......     45%         2    None
 Corpse Rot               Necr           N/A          45%         2    None
 Poisonous Vapours        Pois/Air       ##....       45%         2    None
 Searing Ray              Conj           ##....       45%         2    None
 Swiftness                Chrm/Air       ##......     45%         2    None
 Throw Flame              Conj/Fire      ##....       45%         2    None
 Hydra Form               Tmut           ######....   50%         6    ######.
 Call Canine Familiar     Summ           ##......     63%         3    None
 Confuse                  Hex            ##......     63%         3    None
 Conjure Flame            Conj/Fire      ##......     63%         3    None
 Dazzling Spray           Conj/Hex       ##....       63%         3    None
 Gell's Gravitas          Tloc           ##........   63%         3    None
 Inner Flame              Hex/Fire       ##......     63%         3    None
 Lesser Beckoning         Tloc           ##........   63%         3    None
 Mephitic Cloud           Conj/Pois/Air  ##......     63%         3    None
 Recall                   Summ/Tloc      N/A          63%         3    None
 Regeneration             Chrm/Necr      ##........   63%         3    None
 Static Discharge         Conj/Air       ##......     63%         3    None
 Stone Arrow              Conj/Erth      ##....       63%         3    None
 Summon Guardian Golem    Hex/Summ       ##......     63%         3    None
 Tukima's Dance           Hex            ##......     63%         3    None
 Vampiric Draining        Necr           ##........   63%         3    None
 Alistair's Intoxication  Tmut/Pois      ####....     63%         5    ####...
 Yara's Violent Unravell  Hex/Tmut       ####......   63%         5    ####...
 Airstrike                Air            ##........   89%         4    ##.....
 Animate Dead             Necr           N/A          89%         4    ##.....
 Cause Fear               Hex            ##........   89%         4    ##.....
 Force Lance              Conj/Tloc      ##......     89%         4    ##.....
 Fulminant Prism          Conj/Hex       ##........   89%         4    ##.....
 Iskenderun's Mystic Bla  Conj           ##......     89%         4    ##.....
 Leda's Liquefaction      Hex/Erth       ##........   89%         4    ##.....
 Olgreb's Toxic Radiance  Pois           ##......     89%         4    ##.....
 Sticky Flame             Conj/Fire      ##......     89%         4    ##.....
 Summon Ice Beast         Ice/Summ       ##......     89%         4    ##.....
 Summon Lightning Spire   Summ/Air       ##......     89%         4    ##.....
 Statue Form              Tmut/Erth      ####.....    96%         6    ######.
 Aura of Abjuration       Summ           ##........   99%         5    ####...
 Fireball                 Conj/Fire      ##........   99%         5    ####...
 Lee's Rapid Deconstruct  Erth           ##........   99%         5    ####...
 Lightning Bolt           Conj/Air       ##........   99%         5    ####...
 Metabolic Englaciation   Hex/Ice        ##........   99%         5    ####...
 Summon Demon             Summ           ##........   99%         5    ####...
 Summon Forest            Summ/Tloc      ##........   99%         5    ####...
 Summon Mana Viper        Hex/Summ       ##......     99%         5    ####...
 Venom Bolt               Conj/Pois      ##........   99%         5    ####...
 Bolt of Cold             Conj/Ice       ##........   100%        6    ######.
 Bolt of Fire             Conj/Fire      ##........   100%        6    ######.
 Freezing Cloud           Conj/Ice/Air   ##........   100%        6    ######.
 Invisibility             Hex            ##......     100%        6    ######.
 Ozocubu's Refrigeration  Ice            ##........   100%        6    ######.
 Shadow Creatures         Summ           N/A          100%        6    ######.
 Simulacrum               Ice/Necr       ##........   100%        6    ######.
 Spellforged Servitor     Conj/Summ      ##........   100%        7    #######
 Summon Hydra             Summ           ##........   100%        7    #######
 Ignition                 Fire           ##........   100%        8    #######
 Dragon's Call            Summ           ##........   100%        9    #######
 Shatter                  Erth           ##........   100%        9    #######
 Tornado                  Air            ##........   100%        9    #######

Inventory:

Missiles
 t - 7 throwing nets {=f}
 z - 62 large rocks (quivered) {=f}
Armour
 c - a +2 cloak (worn)
 C - the +1 robe of Vehumet's Reproof (worn) {rPois rC+++ Str-5 Dex-5}
   (You took it off a deep elf death mage on level 3 of the Elven Halls)

   It affects your strength (-5).
   It affects your dexterity (-5).
   It renders you almost immune to cold.
   It protects you from poison.
Jewellery
 g - a +5 amulet of reflection (around neck)
 L - a +5 ring of evasion (right scythe-like blade)
 R - an uncursed ring of resist corrosion
 U - the ring "Jeqo" (left scythe-like blade) {rElec MR+ Str+2 Int+6}
   (You took it off a deep elf high priest on level 3 of the Elven Halls)

   [ring of intelligence]

   It affects your strength (+2).
   It affects your intelligence (+6).
   It insulates you from electricity.
   It affects your resistance to hostile enchantments.
Wands
 h - a wand of iceblast (16)
 s - a wand of clouds (2)
 w - a wand of acid (32)
 W - a wand of digging (7)
Scrolls
 e - 2 scrolls of identify {@r1}
 k - 6 scrolls of fear
 l - 3 scrolls of fog
 o - 3 scrolls of blinking
 p - 13 scrolls of remove curse {@r2}
 x - 5 scrolls of enchant armour
 y - 2 scrolls of summoning
 D - 6 scrolls of immolation {!r}
 G - 2 scrolls of holy word
 I - 2 scrolls of vulnerability {!r}
 K - 14 scrolls of teleportation {@r4}
 N - 4 scrolls of magic mapping
 T - a scroll of silence {!r}
Potions
 a - a potion of cancellation
 d - 10 potions of curing {@q1}
 f - 9 potions of mutation {!q}
 i - a potion of magic
 j - 6 potions of haste {@q3}
 m - 2 potions of ambrosia
 n - 8 potions of might
 q - 4 potions of flight
 r - 6 potions of lignification {!q}
 u - 6 potions of berserk rage {!q}
 v - 3 potions of brilliance
 A - 2 potions of resistance
 F - a potion of invisibility
 J - 5 potions of heal wounds {@q2}
 O - 7 potions of agility
Miscellaneous
 S - a lightning rod (4/4)
 X - a lamp of fire
Comestibles
 b - 49 rations {@e1}
 B - 33 chunks of flesh

Dungeon Overview and Level Annotations

Branches:
Dungeon (15/15)            Temple (1/1) D:7            Lair (6/6) D:10
 Shoals (4/4) Lair:3       Spider (4/4) Lair:3        Slime (0/5) Lair:5
    Orc (2/2) D:9             Elf (3/3) Orc:2        Vaults (4/5) D:14
  Crypt (0/3) Vaults:3     Depths (3/5) D:15

Altars:
Ashenzari
Cheibriados
Dithmenos
Elyvilon
Fedhas
Gozag
Hepliaklqana
Kikubaaqudgha
Makhleb
Nemelex Xobeh
Okawaru
Qazlal
Ru
Sif Muna
Trog
Uskayaw
Vehumet
Wu Jian
Xom
Yredelemnul
Zin
The Shining One
Beogh
Jiyva
Lugonu

Shops:
D:14 :!*(}   Orc:2 *([:   Shoals:1 (}[(   Shoals:2 }   Shoals:4 !   Vaults:2 [
Vaults:3 [   Vaults:4 }

Portals:
Hell: Depths:1 Depths:2 Depths:3
Abyss: Depths:1 Depths:2
Pandemonium: Depths:2
Trove: D:13 (give +4 shadow dragon scales)

Annotations:
D:8 exclusion: downstairs
D:14 exclusion: downstairs
Lair:4 exclusion: downstairs

##### ...# ...#
#..# #≈≈#
#≈≈##########
#≈§........$#
#§@§§.≈§....
#§§i§##≈..# #
#..§.# ...#.#
#≈....#.....#
#..≈.#.####.#
#####(.....[()..#
..........##)#.## .
##.##....###[#.▒
.###.##....####.▒.▒


You could see a spriggan berserker (berserk).


Message History

The spriggan berserker hits you with a quarterstaff!!
* * * LOW HITPOINT WARNING * * *
The spriggan berserker hits you with a quarterstaff!!!
* * * LOW HITPOINT WARNING * * *
Items here: $ ) [[ †† Blink to where?
Press: ? - help, Dir - move target cursor You are very lightly contaminated with residual magic.
As you read the scroll of blinking, it crumbles to dust.
You hear a shout!
Use which ability? (? or * to list)
Aiming: Upheaval
Press: ? - help, Dir - move target cursor, f - spriggan berserker
Aim: a spriggan berserker, wielding a quarterstaff, wearing an animal skin and wearing a ring of protection from cold (translocational energy, berserk, fast, unusually strong)
The ground shakes violently, spewing rubble!
The blast of rubble hits the spriggan berserker.
The spriggan berserker is lightly wounded.
Use which ability? (? or * to list) Nature churns violently around you!
The blast of rubble hits the spriggan berserker.
The spriggan berserker is heavily wounded.
The spriggan berserker rages.
Use which ability? (? or * to list) Nature churns violently around you!
The blast of rubble hits the spriggan berserker.
The spriggan berserker is severely wounded.
The spriggan berserker hits you with a quarterstaff!
* * * LOW HITPOINT WARNING * * *
The spriggan berserker hits you with a quarterstaff!!
You die...

Skill      XL: |  1  2  3  4  5  6  7  8  9 10 11 12 13 14 15 16 17 18 19 20 21 22 23 |
---------------+----------------------------------------------------------------------+-----
Unarmed Combat | 3 4 5 6 8 10 12 13 14 15 16 18 19 20 | 20.0
Fighting       | 5 6 9 11 12 13 16 19 21 22 23 25 | 25.4
Dodging        | 6 8 10 12 13 14 15 16 17 | 17.3
Invocations    | 5 7 8 9 10 | 10.0
Transmutations | 5 8 10 11 | 11.3
Spellcasting   | 4 7 8 11 | 11.4
Armour         | 4 5 |  5.0
Stealth        | |  1.4

Action                   |  1- 3 |  4- 6 |  7- 9 | 10-12 | 13-15 | 16-18 | 19-21 | 22-24 || total
-------------------------+-------+-------+-------+-------+-------+-------+-------+-------++-------
Melee: Unarmed           |   102 |   344 |   381 |   802 |  1455 |  1416 |  1464 |   609 ||  6573
       Punch             |     2 |     6 |    18 |    65 |   133 |   125 |   165 |    67 ||   581
Throw: Large rock        |       |       |       |       |    12 |    40 |     1 |       ||    53
 Cast: Blade Hands       |       |       |       |       |       |    44 |    64 |    28 ||   136
Invok: Upheaval          |       |       |       |       |     6 |     4 |     6 |     1 ||    17
       Elemental Force   |       |       |       |       |     3 |     2 |     1 |       ||     6
       Disaster Area     |       |       |       |       |       |       |     2 |     2 ||     4
Evoke: Wand              |       |       |    15 |    46 |    53 |    18 |       |       ||   132
       Lightning rod     |       |       |       |       |    14 |     3 |       |       ||    17
  Use: Potion            |       |     1 |     1 |     1 |     2 |     8 |     4 |       ||    17
       Scroll            |       |       |    10 |     4 |    14 |     7 |    16 |     2 ||    53
 Stab: Sleeping          |     1 |     2 |     2 |       |       |       |       |       ||     5
       Paralysed         |       |       |    19 |       |       |       |       |       ||    19
       Distracted        |       |       |       |       |     1 |     2 |       |       ||     3
       Held in net/web   |       |       |       |       |       |       |     1 |       ||     1
  Eat: Chunk             |       |     7 |    14 |    34 |    50 |    38 |    59 |    19 ||   221
       Ration            |       |     1 |       |     1 |     3 |    10 |     6 |     4 ||    25
Armor: Robe              |    21 |   149 |    91 |   119 |   150 |   169 |   128 |    42 ||   869
Dodge: Dodged            |    60 |   168 |   168 |   467 |   970 |  1182 |  1099 |   313 ||  4427
       Deflected         |       |       |       |    17 |    36 |    79 |    34 |    18 ||   184
Block: Other             |       |       |     6 |   154 |   366 |   548 |   766 |   215 ||  2055
       Reflection        |       |       |       |       |       |       |    19 |    15 ||    34

Vault maps used:
D:1:      mainiacjoe_arrival_reflecting_pool
D:2:      uniq_terence
D:3:      minmay_bisected, uniq_robin, uniq_jessica, uniq_ijyb
D:4:      minmay_misc_feat_square, uniq_eustachio
D:5:      lemuel_crystal_altar, first_ration, st_stairs_9, uniq_pikel
D:6:      cheibrodos_thug_alley, kennysheep_mini_moat,
          nicolae_ossuary_entry_plus, serial_co_window_serial,
          co_window_paths_a, co_window_corner_a, co_window_corner_a,
          co_window_paths_a, co_window_corner_a, co_window_paths_a,
          co_window_cross_1, co_window_unsneaky_path_b, co_window_corner_b,
          co_window_of_opportunity_b, co_window_paths_c, co_window_paths_e,
          uniq_menkaure
D:7:      nicolae_overflow_crystal_walls, nicolae_overflow_hidden_temple,
          nemelex_xobeh_ov_fountains_minmay, minmay_temple_entry_fiery,
          uniq_duvessa, uniq_crazy_yiuf_cottage
D:8:      uniq_joseph
D:9:      david_orc_5
D:10:     statuecave_lemuel, minmay_lair_entry_grove, special_room, uniq_maurice
D:11:     grunt_pizzeria
D:12:     minmay_dotted_concentric_squares, ebering_ghost_reflecting_pool
D:13:     nicolae_trove_entry_columns, xom_redecorated
D:14:     grunt_vaults_entry_fortified, ebering_ghost_rock_garden, basic_altar,
          serial_shops, shop, kennysheep_little_box, nicolae_shop_behind_doors,
          shop_fountains, shop, serial_bayou_pond_c,
          nicolae_ashenzari_panopticon
D:15:     hangedman_depths_entry_try_elsewhere_first, hangedman_glass_teeth,
          uniq_kirke, uniq_rupert
Temple:   minmay_freezing_vapour_temple
Lair:1:   portal_ice_cave_entry_pillars_2, grunt_forest_stairs_basic
Lair:3:   minmay_shoals_entry_centaurs, spider_nest_entry_rubble,
          serial_bayou_shore_b, lemuel_fruit_tree
Lair:4:   uniq_nessos
Lair:5:   slime_altar_1, serial_bayou_lake_a, infiniplex_staircase_pool,
          grunt_megastairs_2, serial_bayou_shore_a, lemuel_fruit_fields
Lair:6:   grunt_lair_end_beastmaster, minivault_19
Shoals:1: serial_shops, nicolae_shop_trees, shop, shop, shop_fountains,
          uniq_roxanne
Shoals:2: serial_shops, nicolae_shop_crystal, uniq_ilsuiw
Shoals:3: hangedman_shoal_volcano
Shoals:4: shoals_end_simple, serial_shops, shop
Spider:1: hangedman_spider_tarantella_strand
Spider:2: ebering_ghost_disaster_area, spider_trap, uniq_arachne
Spider:4: floodkiller_spider_rune_tomb, nicolae_arachne_temple, uniq_nikola
Orc:2:    grunt_orc_cross, sword_in_stone
Elf:1:    minmay_elf_demonology, grunt_megastairs_1
Elf:2:    basic_altar, portal_desolation_entry_nicolae_nacl
Elf:3:    minmay_elf_hall_spiked
Vaults:1: ontoclasm_vaults_misaligned, grunt_vaults_bifocal, v_pattern_4,
          hangedman_vaults_corner_blocks, nicolae_vaults_shelves_hall,
          nicolae_vaults_angled_halls, nicolae_vaults_diagonal_hallway_6,
          v_misc_15, dpeg_vaults_monster_box,
          vaults_room_grunt_arrival_checkpoint,
          nicolae_vaults_diagonal_hallway_8, uniq_asterion
Vaults:2: nicolae_vaults_hallways_thing, vaults_dpeg_diagonal,
          hangedman_vaults_stretched_pinwheel, v_misc_1,
          nicolae_vaults_little_squares_4, v_pattern_2, v_misc_8, serial_shops,
          nicolae_shop_behind_doors, uniq_saint_roka
Vaults:3: hangedman_vaults_slice, ontoclasm_vaults_decontamination,
          nicolae_vaults_alarming, ontoclasm_vaults_loading_screen,
          blue_anna_dwarven_crypt, ontoclasm_vaults_pinch, nicolae_vaults_theta,
          grunt_vaults_trifunnel, hangedman_vaults_nails, vaults_mumra_lcd,
          v_misc_15, ontoclasm_vaults_misaligned, vaults_mumra_hex, v_misc_2,
          grunt_vaults_diagonal, v_misc_23, serial_shops, shop
Vaults:4: hangedman_vaults_trim, ontoclasm_vaults_chip, vaults_room_door_ring,
          v_misc_11, vaults_room_door_hall, nicolae_vaults_shelves_hall,
          v_alt_pattern_4, v_alt_pattern_1, minmay_guarded_unrand_guard_vaults,
          v_alt_pattern_6, grunt_vaults_hallway_long,
          nicolae_vaults_ring_of_whatevers, serial_shops,
          nicolae_shop_waterfront
Depths:1: hell_entry, serial_sigils, serial_sigils_hangedman_carve,
          serial_sigils_hangedman_stare, serial_sigils_hangedman_leer,
          serial_sigils_hangedman_snap, serial_sigils_hangedman_gut,
          serial_sigils_hangedman_shear, abyss_entry_flame_altar,
          minmay_misc_feat_doors, nooodl_food_tri
Depths:2: minmay_swirls_squares, rand_demon_pan_entry_7, abyss_entry,
          pf_vacation_house_of_asmodeus, kilobyte_rumbling_trees
Depths:3: minmay_imperfect_grid, enter_ziggurat_c, hell_entry,
          rand_demon_pan_entry_9, abyss_entry_crystal, roderic_roman_lattice,
          grunt_ministairs_4
Abyss:3:  abyss_exit_lava, nicolae_abyss_rune_star_stuff

Notes
Turn   | Place    | Note
-------+----------+-------------------------------------------
     0 | D:1      | MothsLongingForFire the Ogre Monk began the quest for the Orb.
     0 | D:1      | Reached XP level 1. HP: 24/24 MP: 1/1
   255 | D:1      | Reached skill level 3 in Unarmed Combat
   271 | D:1      | Reached XP level 2. HP: 31/32 MP: 2/2
   835 | D:1      | Reached XP level 3. HP: 40/40 MP: 3/3
  1055 | D:2      | Noticed Terence
  1076 | D:2      | Killed Terence
  1076 | D:2      | Reached skill level 5 in Fighting
  1076 | D:2      | Reached skill level 4 in Unarmed Combat
  1076 | D:2      | Reached XP level 4. HP: 16/50 MP: 4/4
  1545 | D:2      | Reached XP level 5. HP: 52/57 MP: 5/5
  1746 | D:3      | Noticed Ijyb
  1760 | D:3      | Paralysed by Ijyb for 6 turns
  1785 | D:3      | Killed Ijyb
  1902 | D:3      | Noticed Jessica
  1906 | D:3      | Killed Jessica
  2014 | D:3      | Noticed Robin
  2053 | D:3      | Reached skill level 5 in Unarmed Combat
  2061 | D:3      | Killed Robin
  2251 | D:3      | Reached XP level 6. HP: 57/67 MP: 6/6
  2255 | D:3      | Reached skill level 6 in Fighting
  3215 | D:4      | Noticed Eustachio
  3236 | D:3      | Reached skill level 6 in Unarmed Combat
  3699 | D:5      | Entered Level 5 of the Dungeon
  3874 | D:4      | Reached XP level 7. HP: 70/75 MP: 7/7
  4685 | D:5      | Reached skill level 7 in Unarmed Combat
  4780 | D:5      | Found an ornate altar of the Wu Jian Council.
  4783 | D:5      | Noticed Pikel
  4816 | D:5      | Killed Pikel
  4816 | D:5      | Reached skill level 8 in Unarmed Combat
  4816 | D:5      | Reached XP level 8. HP: 29/83 MP: 8/8
  5611 | D:4      | Killed Eustachio
  5611 | D:4      | Reached skill level 9 in Unarmed Combat
  6056 | D:6      | Reached skill level 10 in Unarmed Combat
  6056 | D:6      | Reached XP level 9. HP: 79/89 MP: 9/9
  6176 | D:6      | Noticed Menkaure
  6186 | D:6      | Killed Menkaure
  6515 | D:6      | Reached skill level 11 in Unarmed Combat
  6698 | D:6      | Found an ancient bone altar of Kikubaaqudgha.
  7058 | D:7      | Found a sparkling altar of Nemelex Xobeh.
  7058 | D:7      | Noticed Duvessa
  7069 | D:7      | Killed Duvessa
  7069 | D:7      | Noticed Dowan
  7074 | D:7      | Killed Dowan
  7134 | D:7      | Found a staircase to the Ecumenical Temple.
  7155 | Temple   | Entered the Ecumenical Temple
  7266 | Temple   | Became a worshipper of Qazlal Stormbringer
  7266 | Temple   | Reached * piety under Qazlal
  7266 | Temple   | Reached ** piety under Qazlal
  7366 | D:6      | HP: 7/89 [orc warrior/mace (12)]
  7963 | D:7      | Found a hide-covered altar of Uskayaw.
  8066 | D:7      | Found an iron altar of Okawaru.
  8066 | D:7      | Found a glowing golden altar of the Shining One.
  8129 | D:7      | Found a runed door.
  8215 | D:7      | Found a shadowy altar of Dithmenos.
  8334 | D:7      | Reached skill level 12 in Unarmed Combat
  8345 | D:7      | Reached XP level 10. HP: 66/98 MP: 10/10
  8524 | D:7      | Noticed Crazy Yiuf
  8528 | D:7      | Killed Crazy Yiuf
  8620 | D:8      | Noticed Joseph
  8638 | D:7      | HP: 8/98 [hippogriff (5)]
  9095 | D:8      | Reached skill level 3 in Dodging
  9671 | D:8      | Reached *** piety under Qazlal
  9702 | D:8      | Reached skill level 4 in Dodging
  9922 | D:8      | Killed Joseph
  9922 | D:8      | Reached skill level 13 in Unarmed Combat
 10393 | D:9      | Reached skill level 5 in Dodging
 10396 | D:9      | Noticed a two-headed ogre
 11114 | D:9      | Reached **** piety under Qazlal
 11127 | D:9      | Killed a two-headed ogre
 11127 | D:9      | Reached skill level 6 in Dodging
 11127 | D:9      | Reached XP level 11. HP: 75/104 MP: 11/11
 11856 | D:9      | Found a roughly hewn altar of Beogh.
 11856 | D:9      | Found a staircase to the Orcish Mines.
 12042 | D:10     | Entered Level 10 of the Dungeon
 12482 | D:10     | Reached skill level 7 in Dodging
 12521 | D:10     | Found a staircase to the Lair.
 12521 | D:10     | Noticed Maurice
 12978 | D:10     | Reached ***** piety under Qazlal
 12986 | D:10     | Reached skill level 14 in Unarmed Combat
 13921 | D:10     | Killed Maurice
 13921 | D:10     | Reached skill level 8 in Dodging
 14798 | Lair:1   | Entered Level 1 of the Lair of Beasts
 15245 | Lair:1   | Reached XP level 12. HP: 62/113 MP: 12/12
 16247 | Lair:2   | Noticed a five-headed hydra
 16255 | Lair:2   | Killed a five-headed hydra
 16255 | Lair:2   | Reached skill level 9 in Dodging
 17363 | Lair:2   | Reached skill level 15 in Unarmed Combat
 18233 | Lair:3   | Reached skill level 10 in Dodging
 18252 | Lair:3   | Found a hole to the Spider Nest.
 18561 | Lair:3   | Found a staircase to the Shoals.
 19693 | Lair:4   | Noticed a catoblepas
 19706 | Lair:4   | Killed a catoblepas
 19985 | Lair:4   | Noticed Nessos
 20001 | Lair:4   | Killed Nessos
 20354 | Lair:3   | Reached XP level 13. HP: 65/119 MP: 13/13
 21062 | Lair:3   | Reached skill level 11 in Dodging
 21576 | Lair:5   | Found a viscous altar of Jiyva.
 21576 | Lair:5   | Found a staircase to the Slime Pits.
 22246 | Lair:5   | Reached skill level 16 in Unarmed Combat
 22521 | Lair:5   | Reached skill level 1 in Invocations
 22964 | Lair:5   | Reached skill level 2 in Invocations
 23205 | Lair:5   | Reached skill level 7 in Fighting
 23706 | Lair:6   | Entered Level 6 of the Lair of Beasts
 23774 | Lair:6   | Reached skill level 3 in Invocations
 24299 | Lair:5   | Reached skill level 8 in Fighting
 24299 | Lair:5   | Reached skill level 4 in Invocations
 24793 | Lair:6   | Reached skill level 12 in Dodging
 25143 | Lair:6   | Reached skill level 5 in Invocations
 25480 | Lair:5   | Reached skill level 9 in Fighting
 26283 | Lair:6   | Reached XP level 14. HP: 124/139 MP: 15/18
 26362 | Lair:6   | Learned a level 5 spell: Blade Hands
 26430 | Lair:5   | Gained mutation: Scrolls take you a little longer to read. [potion of mutation]
 26430 | Lair:5   | Gained mutation: You are partially covered in rugged brown scales. (AC +1, +3% HP) [potion of mutation]
 26430 | Lair:5   | Gained mutation: You are robust. (+10% HP) [potion of mutation]
 26431 | Lair:5   | Lost mutation: Scrolls take you a little longer to read. [potion of mutation]
 26431 | Lair:5   | Lost mutation: You are robust. (+10% HP) [potion of mutation]
 26431 | Lair:5   | Gained mutation: You are resistant to hostile enchantments. (MR+) [potion of mutation]
 26431 | Lair:5   | Gained mutation: You occasionally shout uncontrollably at your foes. [potion of mutation]
 26431 | Lair:5   | Gained mutation: You have an increased reservoir of magic. (+10% MP) [potion of mutation]
 26581 | Orc:1    | Entered Level 1 of the Orcish Mines
 26621 | D:9      | Reached skill level 1 in Transmutations
 27019 | D:9      | Reached skill level 1 in Spellcasting
 27019 | D:9      | Reached skill level 6 in Invocations
 27284 | Orc:2    | Entered Level 2 of the Orcish Mines
 27375 | Orc:2    | Reached skill level 2 in Transmutations
 27993 | Orc:1    | Reached skill level 2 in Spellcasting
 28372 | Orc:2    | Noticed Blork the orc
 28388 | Orc:2    | Killed Blork the orc
 28552 | Orc:2    | Found a staircase to the Elven Halls.
 28646 | Orc:1    | Reached skill level 3 in Transmutations
 28647 | Orc:1    | Reached skill level 10 in Fighting
 29397 | Orc:2    | Noticed an orc warlord
 29419 | Orc:2    | Killed an orc warlord
 29423 | Orc:2    | Noticed Nergalle
 29547 | Orc:2    | Killed Nergalle
 29574 | Orc:2    | Found a roughly hewn altar of Beogh.
 29628 | Orc:1    | Reached skill level 3 in Spellcasting
 30005 | Orc:2    | Found Hestun's Antique Armour Shoppe.
 30013 | Orc:2    | Reached skill level 4 in Transmutations
 30129 | Orc:2    | Found Cutynoq's Antique Weapon Shoppe.
 30144 | Orc:2    | Found Balint's General Store.
 30151 | Orc:2    | Bought a scroll of identify for 24 gold pieces
 30151 | Orc:2    | Bought a scroll of teleportation for 36 gold pieces
 30162 | Orc:2    | Found Ocikonuh's Book Shoppe.
 30261 | Elf:1    | Entered Level 1 of the Elven Halls
 30789 | Elf:1    | Reached skill level 7 in Invocations
 31064 | Elf:1    | Reached skill level 4 in Spellcasting
 31075 | Elf:1    | Reached skill level 5 in Transmutations
 31409 | Elf:1    | Identified a potion of resistance
 31443 | Elf:1    | Noticed a deep elf demonologist
 31449 | Elf:1    | Reached skill level 11 in Fighting
 31449 | Elf:1    | Reached XP level 15. HP: 83/156 MP: 13/24
 31458 | Elf:1    | Noticed an Executioner
 32050 | D:11     | Reached skill level 6 in Transmutations
 32097 | D:11     | Reached skill level 13 in Dodging
 32097 | D:11     | Reached skill level 5 in Spellcasting
 33128 | D:11     | Reached skill level 8 in Invocations
 33962 | D:12     | Reached skill level 7 in Transmutations
 34278 | D:12     | Got a faintly glowing turquoise ring
 34334 | D:12     | Identified the ring of Petzooh {rC++ MR- EV+3 Int+3} (You found it on level 12 of the Dungeon)
 34490 | D:12     | Found a runed door.
 34490 | D:12     | Noticed sefi's ghost (journeyman DsGl)
 35095 | D:12     | Reached skill level 6 in Spellcasting
 35531 | D:12     | Found a runed door.
 35803 | D:13     | Found a shimmering altar of Xom.
 35805 | D:13     | Found a shimmering altar of Xom.
 35839 | D:13     | Found a shimmering altar of Xom.
 35843 | D:13     | Found a shimmering altar of Xom.
 36060 | D:13     | Found a portal to a secret trove of treasure.
 36416 | D:14     | Found Gyro Dac's Weapon Boutique.
 36448 | D:14     | Found Waimpeo's Distillery.
 36453 | D:14     | Found Hulua's Book Emporium.
 36481 | D:14     | Reached skill level 12 in Fighting
 36832 | D:14     | Reached skill level 8 in Transmutations
 37358 | D:14     | Found a gate to the Vaults.
 37445 | D:14     | Found Ikupp's General Store.
 37454 | D:14     | Bought a scroll of blinking for 97 gold pieces
 37454 | D:14     | Bought a scroll of identify for 26 gold pieces
 37454 | D:14     | Bought a scroll of teleportation for 39 gold pieces
 37484 | D:14     | Reached ****** piety under Qazlal
 37511 | D:14     | Found a shattered altar of Ashenzari.
 37581 | D:14     | Found a white marble altar of Elyvilon.
 37702 | D:14     | Found Lynt's Gadget Emporium.
 37742 | D:14     | Found a runed gate.
 37742 | D:14     | Found a runed gate.
 37749 | D:14     | Noticed TotesWizzard's ghost (journeyman VSBe)
 38009 | D:14     | Found a runed gate.
 38220 | D:15     | Entered Level 15 of the Dungeon
 38229 | D:15     | Noticed Rupert
 38356 | D:15     | Reached skill level 7 in Spellcasting
 38369 | D:15     | Reached XP level 16. HP: 168/171 MP: 29/29
 38834 | D:15     | Found a staircase to the Depths.
 38986 | D:15     | Noticed Kirke
 39007 | D:15     | Killed Kirke
 39194 | D:15     | Reached skill level 9 in Transmutations
 39416 | D:15     | Killed Rupert
 40016 | Shoals:1 | Entered Level 1 of the Shoals
 40362 | Shoals:1 | Found Bacad's Antique Weapon Boutique.
 40444 | Shoals:1 | Noticed Roxanne
 40992 | Shoals:1 | Reached skill level 13 in Fighting
 41070 | Shoals:1 | Found Oxikliuk's Armour Emporium.
 41090 | Shoals:1 | Reached skill level 9 in Invocations
 41218 | Shoals:1 | Reached skill level 8 in Spellcasting
 41332 | Shoals:1 | Found Jesea's Weapon Emporium.
 41491 | Shoals:1 | Found Fannuh's Gadget Emporium.
 41594 | Shoals:2 | Noticed Ilsuiw
 42230 | Shoals:2 | Reached skill level 10 in Transmutations
 42429 | Shoals:2 | Killed Ilsuiw
 42557 | Shoals:2 | Found Pitawae's Gadget Emporium.
 43668 | Shoals:3 | Reached skill level 14 in Dodging
 44274 | Shoals:3 | Reached XP level 17. HP: 134/183 MP: 32/32
 44282 | Shoals:3 | Reached skill level 9 in Spellcasting
 44996 | Shoals:2 | Reached skill level 10 in Invocations
 45483 | Shoals:3 | Reached skill level 14 in Fighting
 46199 | Shoals:3 | Noticed a kraken
 46225 | Shoals:3 | Noticed a kraken
 46228 | Shoals:3 | Killed a kraken
 46228 | Shoals:3 | Reached skill level 10 in Spellcasting
 46244 | Shoals:3 | Killed a kraken
 46862 | Shoals:4 | Entered Level 4 of the Shoals
 47295 | Shoals:3 | Reached skill level 1 in Armour
 47745 | Shoals:4 | Found the +4 dagger "Morg" {pain, MR+ Int+5}
 48112 | Shoals:3 | HP: 15/187 [merfolk impaler/vampiric trident (15)]
 48522 | Shoals:3 | Learned a level 7 spell: Dragon Form
 48545 | Shoals:4 | Reached skill level 15 in Fighting
 48545 | Shoals:4 | Reached skill level 2 in Armour
 49467 | Shoals:4 | Found Lahuulah's Distillery.
 49482 | Shoals:4 | Bought a potion of invisibility for 112 gold pieces
 49509 | Shoals:4 | Reached skill level 3 in Armour
 49869 | Shoals:4 | Got a barnacled rune of Zot
 50041 | Shoals:4 | Reached skill level 11 in Spellcasting
 51664 | Elf:1    | Identified Eqoimyru's Incunabulum of Creation
 51687 | Elf:1    | Reached skill level 4 in Armour
 52029 | Elf:2    | You are cast into the Abyss!
 52029 | Elf:2    | Cast into level 3 of the Abyss (war axe of distortion)
 52136 | Abyss:3  | Found a roughly hewn altar of Beogh.
 52154 | Abyss:3  | Noticed a tentacled starspawn
 52158 | Abyss:3  | Killed a tentacled starspawn
 52159 | Abyss:3  | Reached skill level 16 in Fighting
 52191 | Abyss:3  | Found a roughly hewn altar of Beogh.
 52192 | Abyss:3  | Noticed a tentacled starspawn
 52195 | Abyss:3  | Killed a tentacled starspawn
 52195 | Abyss:3  | Reached XP level 18. HP: 171/201 MP: 31/36
 52207 | Elf:2    | You pass through the gate.
 52207 | Elf:2    | Escaped the Abyss
 52218 | Elf:2    | Reached skill level 5 in Armour
 52772 | Elf:2    | Reached skill level 17 in Fighting
 52866 | Elf:2    | Noticed a Brimstone Fiend
 53361 | Elf:2    | Found a deep blue altar of Sif Muna.
 53412 | Elf:2    | Found a runed gate.
 53413 | Elf:2    | Found a runed gate.
 53414 | Elf:2    | Found a runed gate.
 53565 | Elf:2    | Noticed a deep elf blademaster
 54099 | Vaults:1 | Entered Level 1 of the Vaults
 54279 | Vaults:1 | Noticed Asterion
 54585 | Vaults:1 | Killed Asterion
 54585 | Vaults:1 | Reached skill level 18 in Fighting
 56228 | Vaults:2 | Noticed Saint Roka
 56270 | Vaults:2 | HP: 21/211 [orc knight/war axe (7)]
 56917 | Vaults:1 | HP: 13/212 [Saint Roka/divine providence (14)]
 56919 | Vaults:1 | Killed Saint Roka
 56919 | Vaults:1 | Reached skill level 19 in Fighting
 57483 | Vaults:1 | Reached XP level 19. HP: 118/223 MP: 34/37
 58463 | Vaults:2 | Reached skill level 17 in Unarmed Combat
 58842 | Vaults:2 | Found Opiric's Antique Armour Emporium.
 59337 | Vaults:3 | Noticed a lich
 59507 | Vaults:3 | Reached skill level 20 in Fighting
 60101 | Vaults:3 | Found Guizyan's Antique Armour Shoppe.
 60113 | Vaults:3 | Bought a runed cloak for 300 gold pieces
 60531 | Vaults:3 | Found a staircase to the Crypt.
 60864 | Vaults:3 | Killed a lich
 61658 | Vaults:4 | Found Yskal's Gadget Emporium.
 61721 | Vaults:4 | Reached skill level 21 in Fighting
 61734 | Vaults:4 | Reached skill level 18 in Unarmed Combat
 61750 | Vaults:4 | Reached XP level 20. HP: 75/241 MP: 34/39
 62713 | Vaults:4 | HP: 24/241 [war gargoyle/spray of metal splinters (13)]
 62718 | Vaults:4 | HP: 20/241 [poisoned by a vault warden]
 62723 | Vaults:4 | HP: 19/241 [poisoned by a vault warden]
 62742 | Vaults:4 | HP: 17/241 [skeletal warrior/long sword[a death knight] (17)]
 63740 | Vaults:4 | Bought a wand of clouds (2) for 252 gold pieces
 64233 | Vaults:4 | Found the +8 glaive of the Guard {elec, +Rage AC+5 SInv}
 64666 | Spider:1 | Entered Level 1 of the Spider Nest
 64676 | Spider:1 | Reached skill level 22 in Fighting
 66458 | Spider:2 | Noticed Arachne
 66486 | Spider:1 | Killed Arachne
 66956 | Spider:2 | Found a large runed door.
 66956 | Spider:2 | Found a large runed door.
 66958 | Spider:2 | Noticed Ajyxzof's ghost (adept MiBe)
 67737 | Spider:3 | Identified a scroll of acquirement
 67739 | Spider:3 | Got a slimy iron amulet
 67740 | Spider:3 | Identified the amulet "Sicet" {Gourm rN+} (You acquired it on level 3 of the Spider Nest)
 68487 | Spider:4 | Entered Level 4 of the Spider Nest
 69014 | Spider:4 | Reached skill level 19 in Unarmed Combat
 69216 | Spider:4 | Reached XP level 21. HP: 129/254 MP: 40/40
 69525 | Spider:3 | HP: 21/254 [tarantella (9)]
 71454 | Spider:4 | Reached skill level 15 in Dodging
 71457 | Spider:4 | Reached skill level 23 in Fighting
 71960 | Spider:4 | Noticed Nikola
 72014 | Spider:4 | Killed Nikola
 73016 | Spider:4 | Got a gossamer rune of Zot
 74772 | Elf:3    | Entered Level 3 of the Elven Halls
 76752 | Elf:3    | Reached XP level 22. HP: 216/269 MP: 39/41
 76807 | Elf:3    | Got a flickering steel ring
 76841 | Elf:3    | Got a transparent turquoise ring
 77250 | Elf:3    | Reached skill level 24 in Fighting
 77279 | Elf:3    | Reached skill level 16 in Dodging
 77501 | Elf:3    | Reached skill level 20 in Unarmed Combat
 77696 | Elf:3    | Identified the ring "Jeqo" {rElec MR+ Str+2 Int+6} (You took it off a deep elf high priest on level 3 of the Elven Halls)
 77698 | Elf:3    | Identified the ring "Buerchel" {rPois rC- Str+6 Int+6} (You took it off a deep elf sorcerer on level 3 of the Elven Halls)
 77788 | Elf:3    | Got a dull robe
 77808 | Elf:3    | Identified the cursed +1 robe of Vehumet's Reproof {rPois rC+++ Str-5 Dex-5} (You took it off a deep elf death mage on level 3 of the Elven Halls)
 78464 | Vaults:2 | Bought a runed scarf for 312 gold pieces
 78857 | D:14     | Killed TotesWizzard's ghost
 79087 | Spider:2 | Killed Ajyxzof's ghost
 79274 | Shoals:1 | Killed Roxanne
 79275 | Shoals:1 | Identified Roxanne's Almanac of Moulding (You took it off Roxanne on level 1 of the Shoals)
 79556 | D:12     | Killed sefi's ghost
 79673 | Depths:1 | Entered Level 1 of the Depths
 80739 | Depths:1 | Reached skill level 11 in Transmutations
 80923 | Depths:1 | Found a corrupted altar of Lugonu.
 80926 | Depths:1 | Found a one-way gate to the infinite horrors of the Abyss.
 81219 | Depths:1 | Found a gateway to Hell.
 81694 | Depths:2 | HP: 23/272 [deep troll earth mage[a shadow demon] (25)]
 82899 | Depths:2 | Found a one-way gate leading to the halls of Pandemonium.
 82934 | Depths:2 | Found the +9 scales of the Dragon King {rPois rF+ rC+ MR+}
 83768 | Depths:2 | Noticed a caustic shrike
 83773 | Depths:2 | Killed a caustic shrike
 83773 | Depths:2 | Reached skill level 25 in Fighting
 83779 | Depths:2 | Reached XP level 23. HP: 249/284 MP: 37/42
 84060 | Depths:2 | Paralysed by a Zot trap for 5 turns
 84151 | Depths:2 | Reached skill level 17 in Dodging
 85566 | Depths:3 | HP: 28/284 [spriggan berserker/quarterstaff (16)]
 85566 | Depths:3 | Mangled by a spriggan berserker

Vanquished Creatures
  A caustic shrike (Depths:2)
  Saint Roka (Vaults:1)
  Nikola (Spider:4)
  Arachne (Spider:1)
  2 tentacled monstrosities
  A lich (Vaults:3)
  Rupert (D:15)
  A deep elf master archer (Elf:3)
  A quicksilver dragon (Depths:2)
  The ghost of Ajyxzof the Slayer, an adept MiBe of Trog (Spider:2)
  3 deep elf blademasters
  A titan (Depths:2)
  2 krakens (Shoals:3)
  6 sphinxes
  2 tentacled starspawn (Abyss:3)
  A tengu reaver (Depths:2)
  Ilsuiw (Shoals:2)
  Kirke (D:15)
  A storm dragon (Vaults:4)
  A shadow dragon (Vaults:4)
  Roxanne (Shoals:1)
  4 fire giants
  7 deep elf sorcerers (Elf:3)
  4 frost giants
  8 vault wardens
  An orc warlord (Orc:2)
  A ghost moth (Spider:4)
  6 emperor scorpions
  2 deep elf elementalists (Elf:3)
  The ghost of sefi the Fighter, a journeyman DsGl of Kikubaaqudgha (D:12)
  A war gargoyle (Vaults:4)
  A ghoul (Vaults:1)
  A spriggan defender (Depths:2)
  6 ironheart preservers
  8 very ugly things
  8 stone giants
  4 entropy weavers
  2 vampire knights
  The ghost of TotesWizzard the Cleaver, a journeyman VSBe of Trog (D:14)
  Nessos (Lair:4)
  5 deep elf demonologists
  15 spark wasps
  12 deep elf annihilators
  A lorocyproca (Elf:2)
  9 ettins
  4 merfolk javelineers
  7 deep elf death magi
  9 merfolk impalers
  3 fire dragons
  7 deep elf high priests (Elf:3)
  9 yaktaur captains
  19 vault guards
  6 great orbs of eyes
  3 rakshasas
  7 hydras
  3 ice dragons
  A peacekeeper (Elf:2)
  An alligator snapping turtle (Shoals:4)
  3 merfolk avatars
  5 death knights
  3 catoblepae
  5 centaur warriors
  2 spriggan air magi (Depths:2)
  A satyr (Shoals:2)
  5 ogre magi
  15 two-headed ogres
  3 merfolk aquamancers
  4 death yaks
  A satyr (shapeshifter) (Vaults:1)
  8 death scarabs (Spider:4)
  27 dancing weapons
  A deep troll shaman (Lair:5)
  2 deep troll earth magi (Depths:3)
  2 tengu warriors
  4 spriggan berserkers (Depths:2)
  An orc high priest (Orc:2)
  A sun demon (Abyss:3)
  18 deep elf knights
  Nergalle (Orc:2)
  A fire crab (Shoals:3)
  A hell knight (Depths:3)
  A shadow wraith (Vaults:3)
  A sixfirhy (Abyss:3)
  15 skeletal warriors
  5 unseen horrors
  An infernal demonspawn (Depths:2)
  2 wizards
  A flayed ghost (Depths:2)
  A spriggan druid (Depths:2)
  11 deep elf archers
  A shadow demon (Depths:2)
  6 sea snakes
  A tengu zombie (Vaults:3)
  6 ironbrand convokers
  3 large abominations
  Pikel (D:5)
  18 harpies
  14 orb spiders
  4 wolf spider zombies
  3 spectral wolf spiders (Spider:4)
  18 orc knights
  2 necromancers
  A lindwurm (Lair:6)
  37 wolf spiders
  A frost giant zombie (Vaults:2)
  A phantasmal warrior (Vaults:4)
  3 orc sorcerers
  A sphinx skeleton (Vaults:2)
  61 deep elf magi
  8 fauns
  8 cyclopes
  16 merfolk sirens
  22 ugly things
  2 elephants (shapeshifter)
  5 elephants
  9 manticores
  5 black mambas
  3 moths of wrath
  Maurice (D:10)
  A rust devil (Depths:2)
  Joseph (D:8)
  6 centaur zombies
  10 water nymphs
  5 smoke demons
  A storm dragon simulacrum (Vaults:2)
  4 centaur skeletons
  11 vault sentinels
  11 spiny frogs
  2 gargoyles
  2 redback zombies (Spider:4)
  8 komodo dragons
  A spiny frog (shapeshifter) (Vaults:1)
  A rime drake (Lair:4)
  4 spectral redbacks (Spider:4)
  19 yaktaurs
  A kobold demonologist (D:11)
  7 freezing wraiths
  A hellwing (Depths:2)
  17 trolls
  3 demonic crawlers
  27 merfolk
  29 jumping spiders
  10 blink frogs
  2 polar bears
  3 spectral jumping spiders
  8 wind drakes
  8 hornets
  2 spectral tarantellas (Spider:4)
  3 saltlings (Elf:2)
  A blink frog (shapeshifter) (D:11)
  15 hippogriffs
  A tarantella zombie (Spider:4)
  3 jumping spider zombies (Spider:4)
  12 slime creatures
  9 snapping turtles
  13 dream sheep
  2 shadows
  A centaur simulacrum (D:14)
  59 redbacks
  A spriggan (D:11)
  40 tarantellas
  19 water elementals
  A flying skull (Abyss:3)
  5 air elementals
  2 tarantellas (shapeshifter)
  3 wyverns
  23 yaks
  3 fire bats
  2 wraiths
  Eustachio (D:4)
  A yak (shapeshifter) (Depths:3)
  2 fire elementals
  2 hogs (D:15)
  2 humans (D:15)
  Menkaure (D:6)
  3 basilisks
  2 hungry ghosts
  A neqoxec (Abyss:3)
  A yaktaur simulacrum (Vaults:2)
  4 acid dragons
  3 vampire mosquitoes
  4 wargs
  10 water moccasins
  A swamp worm (shapeshifter) (Elf:2)
  Duvessa (D:7)
  2 small abominations
  4 porcupines
  A spectral hornet (Spider:4)
  A swamp drake (shapeshifter) (Depths:1)
  A sky beast (shapeshifter) (D:15)
  3 ice beasts
  A hornet zombie (Spider:4)
  56 orc warriors
  An eye of draining (shapeshifter) (Vaults:3)
  3 sky beasts
  2 human zombies (Vaults:3)
  17 ogres
  2 eyes of draining
  An ettin simulacrum (Vaults:3)
  A necrophage (D:9)
  3 boggarts (D:15)
  6 black bears
  An ice dragon simulacrum (Abyss:3)
  7 wolves
  2 phantoms (D:6)
  16 centaurs
  A crocodile (shapeshifter) (Vaults:3)
  11 crocodiles
  3 big kobolds
  14 bullfrogs
  2 gnoll sergeants
  Blork the orc (Orc:2)
  A human skeleton (Vaults:2)
  Dowan (D:7)
  3 earth elementals
  4 scorpions
  19 killer bees
  A water moccasin skeleton (D:7)
  An elf simulacrum (Vaults:2)
  2 howler monkeys (D:8)
  11 wights
  4 electric eels
  11 crimson imps
  A quasit (Abyss:3)
  31 orc priests
  9 hounds
  Crazy Yiuf (D:7)
  2 iguanas (D:10)
  5 jellies
  3 bullfrog skeletons
  Jessica (D:3)
  Ijyb (D:3)
  Terence (D:2)
  25 orc wizards
  11 worker ants
  A killer bee zombie (D:10)
  2 worker ant zombies (D:6)
  Robin (D:3)
  14 gnolls
  14 adders
  7 shadow imps
  2 oozes
  An adder skeleton (D:6)
  5 worms
  2 dart slugs
  5 leopard geckos
  121 orcs
  A ball python (D:1)
  9 bats
  4 giant cockroaches
  14 goblins
  12 hobgoblins
  6 jackals
  26 kobolds
  7 quokkas
  5 frilled lizards
  2 leopard gecko skeletons
  A quokka zombie (D:7)
  11 rats
  A crawling corpse (Depths:3)
  2 plants (Shoals:2)
  8 tentacles (Shoals:3)
1690 creatures vanquished.

Vanquished Creatures (collateral kills)
  Asterion (Vaults:1)
  An orc knight (Orc:2)
  A phantasmal warrior (Vaults:4)
  A deep elf mage (Elf:1)
  An orc warrior (Orc:2)
5 creatures vanquished.

Vanquished Creatures (others)
  A deep elf demonologist (Elf:3)
  A dancing weapon (Elf:2)
  A deep elf knight (Elf:2)
  A sea snake (Shoals:4)
  A deep elf mage (Elf:3)
  4 yaktaurs
  A jumping spider (Spider:4)
  An air elemental (Elf:2)
  A fire elemental (Elf:2)
  An electric eel (Elf:3)
  An orc priest (Orc:1)
  8 fungi
  15 plants
  4 starspawn tentacles (Abyss:3)
  14 tentacles (Shoals:3)
55 creatures vanquished.

Grand Total: 1750 creatures vanquished

Table legend:
 A = Turns spent in this place as a percentage of turns spent in the entire game.
 B = Non-inter-level travel turns spent in this place as a percentage of non-inter-level travel turns spent in the entire game.
 C = Inter-level travel turns spent in this place as a percentage of turns spent in this place.
 D = Turns resting spent in this place as a percentage of non-inter-level travel turns spent in this place.
 E = Turns spent auto-exploring this place as a percentage of non-inter-level travel turns spent in this place.
 F = Non-inter-level travel turns spent in this place divided by the number of levels of this place that you've seen.
                   A       B       C       D       E      F
               +-------+-------+-------+-------+-------+----------------------
         Total | 100.0 | 100.0 |   5.4 |  50.5 |  29.1 | 1882.9
       Dungeon |  29.3 |  28.7 |   7.1 |  45.3 |  32.7 | 1550.9
        Temple |   0.1 |   0.1 |   0.0 |  71.8 |   0.0 | 117.0
          Lair |  14.6 |  14.4 |   6.8 |  46.9 |  38.6 | 1936.5
        Shoals |  12.3 |  12.7 |   2.3 |  67.6 |  14.8 | 2565.0
   Spider Nest |  10.3 |  10.2 |   6.8 |  49.8 |  29.8 | 2061.2
  Orcish Mines |   4.9 |   4.7 |   9.0 |  54.9 |  22.2 | 1909.5
   Elven Halls |   9.9 |  10.2 |   2.2 |  44.4 |  30.2 | 2754.3
        Vaults |  12.3 |  12.4 |   4.3 |  51.4 |  27.2 | 2520.0
        Depths |   6.1 |   6.3 |   2.1 |  55.0 |  27.1 | 1707.3
         Abyss |   0.2 |   0.2 |   0.0 |  30.3 |   0.0 | 178.0
               +-------+-------+-------+-------+-------+----------------------

Table legend:
 A = Non-vault XP
 B = Vault XP
 C = Vault XP percentage of total XP
 D = Non-vault monster count
 E = Vault monster count
 F = Vault count percentage of total count
                 A         B        C        D         E       F
            +---------+---------+-------+---------+---------+-------
      Total |  397598 |  353143 |  47.0 |    1113 |     579 |  34.2
            +---------+---------+-------+---------+---------+-------
        D:1 |      35 |       0 |   0.0 |      19 |       0 |   0.0
        D:2 |     109 |      36 |  24.8 |      22 |       1 |   4.3
        D:3 |     200 |     132 |  39.8 |      27 |      19 |  41.3
        D:4 |     309 |     203 |  39.6 |      14 |       1 |   6.7
        D:5 |     248 |     685 |  73.4 |      10 |       2 |  16.7
        D:6 |    1217 |     292 |  19.4 |      27 |      11 |  28.9
        D:7 |    1410 |     270 |  16.1 |      33 |       3 |   8.3
        D:8 |    3047 |     461 |  13.1 |      53 |       3 |   5.4
        D:9 |    4898 |    1251 |  20.3 |      41 |      29 |  41.4
       D:10 |    2804 |    1751 |  38.4 |      27 |      30 |  52.6
       D:11 |    6176 |    1062 |  14.7 |      46 |       4 |   8.0
       D:12 |    9352 |    6638 |  41.5 |      33 |      10 |  23.3
       D:13 |    4355 |       0 |   0.0 |      20 |       0 |   0.0
       D:14 |    7054 |    8299 |  54.1 |      29 |      11 |  27.5
       D:15 |   16643 |    6985 |  29.6 |      38 |       7 |  15.6
     Lair:1 |    2289 |       0 |   0.0 |       8 |       0 |   0.0
     Lair:2 |    5926 |       0 |   0.0 |      21 |       0 |   0.0
     Lair:3 |    2695 |     751 |  21.8 |      13 |       5 |  27.8
     Lair:4 |    3918 |    1297 |  24.9 |      11 |       1 |   8.3
     Lair:5 |    7736 |    4158 |  35.0 |      25 |       6 |  19.4
     Lair:6 |    5510 |    4788 |  46.5 |      14 |      11 |  44.0
   Shoals:1 |   13705 |    1868 |  12.0 |      30 |       1 |   3.2
   Shoals:2 |   14042 |    4964 |  26.1 |      29 |       7 |  19.4
   Shoals:3 |   21630 |    7360 |  25.4 |      39 |      13 |  25.0
   Shoals:4 |    3275 |   14918 |  82.0 |       7 |      29 |  80.6
   Spider:1 |    6837 |    3576 |  34.3 |      20 |       2 |   9.1
   Spider:2 |    7155 |    2556 |  26.3 |      14 |       1 |   6.7
   Spider:3 |   21240 |    3587 |  14.4 |      63 |       8 |  11.3
   Spider:4 |   10279 |   48648 |  82.6 |      27 |      97 |  78.2
      Orc:1 |    1105 |    3283 |  74.8 |      14 |      10 |  41.7
      Orc:2 |    4005 |    6038 |  60.1 |      17 |      32 |  65.3
      Elf:1 |   17518 |    9362 |  34.8 |      30 |      15 |  33.3
      Elf:2 |   19534 |   26548 |  57.6 |      35 |      33 |  48.5
      Elf:3 |   11083 |   53796 |  82.9 |      17 |      39 |  69.6
   Vaults:1 |   24309 |   16470 |  40.4 |      43 |      17 |  28.3
   Vaults:2 |   21138 |    5068 |  19.3 |      38 |      20 |  34.5
   Vaults:3 |   32287 |   13100 |  28.9 |      44 |      22 |  33.3
   Vaults:4 |   21832 |   33856 |  60.8 |      38 |      29 |  43.3
   Depths:1 |   16960 |    6233 |  26.9 |      23 |       7 |  23.3
   Depths:2 |   17927 |   37630 |  67.7 |      21 |      27 |  56.2
   Depths:3 |   14982 |   15223 |  50.4 |      17 |      16 |  48.5
    Abyss:3 |   10824 |       0 |   0.0 |      16 |       0 |   0.0
            +---------+---------+-------+---------+---------+-------
